 Dungeon Crawl Stone Soup version 0.28.0-45-g0d030f2227 (webtiles) character file.

Game seed: 7788738675892633262

37077 joshe the Thaumaturge (level 13, -1/63 HPs)
             Began as a Deep Elf Conjurer on Apr 14, 2022.
             Was an Elder of Sif Muna.
             Slain by a four-headed hydra (9 damage)
             ... on level 6 of the Lair of Beasts.
             The game lasted 02:55:41 (25218 turns).

joshe the Thaumaturge (Deep Elf Conjurer)          Turns: 25218, Time: 02:55:42

Health: -1/63      AC:  8    Str:  4    XL:     13   Next: 56%
Magic:  1/33       EV: 15    Int: 42    God:    Sif Muna [****..]
Gold:   715        SH:  7    Dex: 15    Spells: 14/40 levels left

rFire   + . .      SeeInvis .   K - +7 whip "Enemual" {speed, rF+ Dex+2}
rCold   + . .      Faith    .   u - +2 buckler
rNeg    + . .      Spirit   .   M - +1 robe "Ninon" {rN+ Int+7}
rPois   .          Reflect  .   (no helmet)
rElec   .          Harm     .   O - +0 cloak
rCorr   .          Rampage  .   t - +2 pair of gloves
Will    +....                   i - +0 pair of boots
Stlth   +++.......              q - amulet of the acrobat
HPRegen 0.20/turn               Q - +6 ring of intelligence
MPRegen 0.23/turn               J - ring of protection from cold

@: about to teleport, studying Fire Magic, invisible
A: no striking features
a: Renounce Religion, Channel Magic, Forget Spell, Divine Exegesis


You were on level 6 of the Lair of Beasts.
You worshipped Sif Muna.
Sif Muna was greatly pleased with you.
You visited 4 branches of the dungeon, and saw 18 of its levels.
You also visited: Ossuary and Volcano.

You collected 999 gold pieces.
You spent 284 gold pieces at shops.

Inventory:

Hand Weapons
 C - a +9 dagger of draining
 K - the +7 whip "Enemual" (weapon) {speed, rF+ Dex+2}
   (You found it on level 8 of the Dungeon)

   Attacks with this weapon are significantly faster.
   Dex:       It affects your dexterity (+2).
   rF:        It protects you from fire.
Missiles
 p - 8 poisoned darts
Armour
 i - a +0 pair of boots (worn)
 t - a +2 pair of gloves (worn)
 u - a +2 buckler (worn)
 M - the +1 robe "Ninon" (worn) {rN+ Int+7}
   (You found it on level 3 of the Lair of Beasts)

   Int:       It affects your intelligence (+7).
   rN:        It protects you from negative energy.
 O - a +0 cloak (worn)
Jewellery
 h - a ring of see invisible
 q - an amulet of the acrobat (around neck)
 E - a ring of resist corrosion
 J - a ring of protection from cold (right hand)
 Q - a +6 ring of intelligence (left hand)
 S - a ring of fire
Wands
 j - a wand of acid (13)
 x - a wand of polymorph (7)
 y - a wand of charming (5)
 z - a wand of flame (31)
 A - a wand of paralysis (21)
 B - a wand of iceblast (5)
 G - a wand of digging (4)
 P - a wand of mindburst (8)
Scrolls
 a - 2 scrolls of fear
 b - a scroll of immolation
 c - 2 scrolls of summoning
 e - 6 scrolls of teleportation
 f - 2 scrolls of blinking
 k - a scroll of silence
 m - 2 scrolls of amnesia
 r - 2 scrolls of magic mapping
 s - 2 scrolls of holy word
 H - 3 scrolls of fog
 L - 5 scrolls of identify
 R - a scroll of acquirement
Potions
 d - a potion of ambrosia
 g - 5 potions of invisibility
 l - 5 potions of lignification
 n - 3 potions of mutation
 o - 2 potions of haste
 v - 3 potions of flight
 w - a potion of magic
 F - 4 potions of curing
 I - 2 potions of resistance
 T - 2 potions of might


   Skills:
 - Level 0.2 Fighting
 - Level 3.0 Armour
 - Level 7.0 Dodging
 - Level 6.0 Stealth
 - Level 4.0 Shields
 + Level 14.0 Spellcasting
 - Level 10.0 Conjurations
 - Level 14.0 Hexes
 - Level 5.0 Translocations
 - Level 5.0 Fire Magic
 - Level 2.0 Ice Magic
 - Level 2.0 Air Magic
 - Level 4.0 Earth Magic
 - Level 2.0 Poison Magic
 - Level 10.0 Invocations
 - Level 7.0 Evocations


You had 14 spell levels left.
You knew the following spells:

 Your Spells              Type           Power      Damage    Failure   Level
a - Magic Dart            Conj           100%       1d8       1%          1
b - Searing Ray           Conj           100%       2d8       1%          2
c - Fulminant Prism       Conj/Hex       46%        3d21      1%          4
d - Iskenderun's Mystic   Conj/Tloc      75%        2d15      1%          4
e - Blink                 Tloc           100%       N/A       1%          2
f - Mephitic Cloud        Conj/Pois/Air  62%        N/A       1%          3
g - Freezing Cloud        Conj/Ice/Air   31%        6-21      5%          5
h - Lee's Rapid Deconstr  Erth           29%        3d16*     7%          5

Your spell library contained the following spells:

 Spells                   Type           Power      Damage    Failure   Level
 Tukima's Dance           Hex            98%        N/A       0%          3
 Animate Skeleton         Necr           58%        N/A       1%          1
 Apportation              Tloc           100%       N/A       1%          1
 Pain                     Necr           100%       1d9       1%          1
 Static Discharge         Conj/Air       68%        N/A       1%          2
 Dazzling Flash           Conj/Hex       100%       N/A       1%          3
 Ignite Poison            Fire/Tmut/Pois 49%        N/A       1%          3
 Anguish                  Hex/Necr       36%        N/A       1%          4
 Vampiric Draining        Necr           29%        2d8       3%          3
 Lightning Bolt           Conj/Air       34%        1d51      3%          5
 Enfeeble                 Hex            49%        N/A       3%          7
 Manifold Assault         Tloc           64%        N/A       4%          5
 Summon Ice Beast         Ice/Summ       37%        N/A       9%          4
 Alistair's Intoxication  Tmut/Pois      24%        N/A       24%         5
 Discord                  Hex            49%        N/A       26%         8
 Storm Form               Tmut/Air       18%        N/A       100%        7
 Maxwell's Capacitive Co  Air            23%        ∞         100%        8


Dungeon Overview and Level Annotations

Branches:
Dungeon (10/15)            Temple (1/1) D:7            Lair (6/6) D:10
 Shoals (0/4) Lair:2        Snake (1/4) Lair:4        Slime (0/5) Lair:5
    Orc (0/2) D:10        Ossuary (visited)         Volcano (visited)

Altars:
Cheibriados
Elyvilon
Hepliaklqana
Sif Muna
Vehumet
Wu Jian
Xom
Yredelemnul
Beogh

Shops:
D:7 ?


Message History

The six-headed hydra bites you but does no damage.
A yak comes into view.
You feel much better.
The six-headed hydra bites you but does no damage.
The six-headed hydra bites you. The six-headed hydra misses you.
You block the six-headed hydra's attack. x2
The six-headed hydra bites you but does no damage.
A rime drake comes into view.
As you read the scroll of teleportation, it crumbles to dust.
You feel strangely unstable. The six-headed hydra bites you! x2
The six-headed hydra bites you but does no damage.
The six-headed hydra bites you!
* * * LOW HITPOINT WARNING * * *
The six-headed hydra completely misses you.
The six-headed hydra bites you!
* * * LOW HITPOINT WARNING * * *
You feel much better.
The six-headed hydra bites you but does no damage.
The six-headed hydra closely misses you.
The six-headed hydra bites you!
* * * LOW HITPOINT WARNING * * *
You block the six-headed hydra's attack.
The six-headed hydra bites you but does no damage.
The six-headed hydra bites you.
* * * LOW HITPOINT WARNING * * *
You feel much better. The six-headed hydra bites you!
* * * LOW HITPOINT WARNING * * *
The six-headed hydra bites you.
* * * LOW HITPOINT WARNING * * *
The six-headed hydra bites you but does no damage.
The six-headed hydra bites you.
* * * LOW HITPOINT WARNING * * *
The six-headed hydra barely misses you. x2
The water moccasin closely misses you.
A yak comes into view.
Okay, then.
You fade into invisibility!
The four-headed hydra bites you but does no damage.
The four-headed hydra bites you!
You die...

.......# .......# ......
......P# ...... .......#
#...... ...?...##
##P.....Y
........########...Yk...
.........#.#............
...........#.....S..Y...
#..............D@Y......
..P............D........
#..#............###.#...
####...........## # .
#P......#P###..#
##...###### .##.# #...
## ## ###


You could see a six-headed hydra, a four-headed hydra, 4 yaks, a rime drake and
a water moccasin.

Vanquished Creatures
  Rupert (Lair:3)
  A fire dragon (Volcano)
  Erica (D:8)
  A hydra (Lair:5)
  2 two-headed ogres
  3 death yaks (D:10)
  Sonja (D:10)
  2 lindwurms (Volcano)
  Pikel (D:5)
  A deep elf pyromancer (D:10)
  Joseph (Lair:1)
  A guardian serpent (Lair:4)
  2 smoke demons (Volcano)
  5 elephants (Lair:2)
  5 black mambas
  The ghost of Eirik the Skirmisher, a novice DrFi of Yredelemnul (D:6)
  A rime drake (Lair:5)
  An unseen horror (D:10)
  Psyche (D:8)
  6 cane toads
  5 komodo dragons
  A kobold demonologist (D:10)
  Grinder (D:5)
  A troll (D:9)
  2 slime creatures (D:8)
  8 blink frogs
  A shadow (D:6)
  9 wyverns
  5 basilisks
  Grum (D:8)
  3 fire bats (Lair:4)
  5 steam dragons
  33 yaks
  14 water moccasins
  2 ice beasts
  2 black bears
  10 orc warriors
  4 ogres
  13 wolves
  5 centaurs
  A lemure (D:5)
  13 bullfrogs
  A wyvern zombie (Ossuary)
  2 gnoll sergeants
  A scorpion (D:4)
  2 water moccasin zombies (Ossuary)
  An elf skeleton (D:8)
  6 killer bees (D:8)
  2 howler monkeys (D:4)
  8 wights
  9 bullfrog zombies (Ossuary)
  5 centaur zombies
  A centaur skeleton (D:6)
  3 jellies
  2 hounds
  A gnoll shaman (D:10)
  A human zombie (D:8)
  10 orc priests
  Crazy Yiuf (D:2)
  A bullfrog skeleton (D:4)
  2 human skeletons (D:8)
  Terence (D:2)
  3 iguanas
  7 orc wizards
  13 hell rats
  A statue (D:8)
  A killer bee zombie (Ossuary)
  11 mummies (Ossuary)
  2 howler monkey zombies (Ossuary)
  18 gnolls
  3 howler monkey skeletons
  6 adders
  A shadow imp (D:6)
  An ufetubus (D:7)
  3 worms
  4 dart slugs
  38 orcs
  8 endoplasms
  2 giant cockroaches
  8 goblins
  4 hobgoblins
  5 jackals
  5 quokkas
  6 ball pythons (D:1)
  8 bats
  6 frilled lizards
  10 kobolds
  An orc skeleton (D:8)
  An orc zombie (D:8)
  6 rats
419 creatures vanquished.

Vanquished Creatures (collateral kills)
  A wolf (D:8)
  Blork the orc (D:5)
  A bullfrog zombie (Ossuary)
  A jelly (D:5)
4 creatures vanquished.

Vanquished Creatures (others)
  A lindwurm (Volcano)
  A centaur zombie (Ossuary)
  3 bushes (Lair:5)
  291 fulminant prisms
  45 fungi
  48 plants
  7 withered plants (Ossuary)
396 creatures vanquished.

Grand Total: 819 creatures vanquished

Notes
Turn   | Place    | Note
-------+----------+-------------------------------------------
     0 | D:1      | joshe the Deep Elf Conjurer began the quest for the Orb.
     0 | D:1      | Reached XP level 1. HP: 10/10 MP: 6/6
   152 | D:1      | Reached XP level 2. HP: 15/15 MP: 4/8
   155 | D:1      | Learned a level 2 spell: Searing Ray
   255 | D:1      | Reached skill level 5 in Conjurations
   583 | D:1      | You fall into a shaft and drop 1 floor!
   583 | D:2      | Found a faded altar of an unknown god.
   693 | D:2      | Noticed Terence
   721 | D:2      | Killed Terence
   722 | D:2      | Reached XP level 3. HP: 11/19 MP: 1/9
  1136 | D:2      | Found a runed translucent door.
  1137 | D:2      | Noticed Crazy Yiuf
  1364 | D:1      | Learned a level 2 spell: Blink
  1372 | D:1      | Reached XP level 4. HP: 24/24 MP: 7/10
  2541 | D:2      | Found a faded altar of an unknown god.
  2973 | D:3      | Learned a level 4 spell: Iskenderun's Mystic Blast
  3113 | D:3      | Reached XP level 5. HP: 28/28 MP: 11/14
  3267 | D:3      | Reached skill level 5 in Spellcasting
  3587 | D:3      | Reached skill level 1 in Translocations
  4005 | D:3      | Learned a level 4 spell: Fulminant Prism
  4378 | D:4      | Noticed an orc warrior
  4461 | D:4      | Noticed an ogre
  4467 | D:4      | Killed an ogre
  4468 | D:4      | Reached XP level 6. HP: 32/32 MP: 3/15
  4468 | D:4      | Noticed a wyvern
  5353 | D:4      | Reached XP level 7. HP: 36/36 MP: 10/18
  5729 | D:4      | Reached skill level 1 in Fire Magic
  5778 | D:4      | Killed a wyvern
  6478 | D:4      | Reached skill level 5 in Hexes
  6539 | D:5      | Entered Level 5 of the Dungeon
  6650 | D:5      | Noticed Blork the orc
  6661 | D:5      | Killed Blork the orc
  6813 | D:5      | Noticed Pikel
  6819 | D:5      | Killed Pikel
  6820 | D:5      | Reached XP level 8. HP: 41/41 MP: 12/23
  6921 | D:5      | Noticed Grinder
  6930 | D:5      | Killed Grinder
  6931 | D:5      | Reached skill level 10 in Spellcasting
  6931 | D:5      | Reached skill level 5 in Translocations
  7258 | D:5      | Got Exydi's Guide on Bewitchment and Cold
  7693 | D:6      | Reached XP level 9. HP: 45/45 MP: 17/25
  7771 | D:6      | Found a runed translucent gate.
  7774 | D:6      | Found a runed translucent gate.
  7774 | D:6      | Noticed Eirik's ghost (novice DrFi)
  7775 | D:6      | Found a runed translucent gate.
  8497 | D:7      | Found Jaukkueg's Magic Scroll Emporium.
  8521 | D:7      | Bought a scroll of identify for 30 gold pieces
  8521 | D:7      | Bought a scroll of identify for 30 gold pieces
  8521 | D:7      | Bought a scroll of identify for 30 gold pieces
  8521 | D:7      | Bought a scroll of identify for 30 gold pieces
  8521 | D:7      | Bought a scroll of amnesia for 52 gold pieces
  8565 | D:7      | Reached skill level 1 in Evocations
  8735 | D:7      | Found a staircase to the Ecumenical Temple.
  8789 | D:7      | Reached skill level 1 in Armour
  8815 | Temple   | Entered the Ecumenical Temple
  8881 | Temple   | Became a worshipper of Sif Muna the Loreminder
  9096 | D:7      | Reached skill level 1 in Invocations
  9610 | D:7      | Identified the +1 leather armour "Kaad Bap" {rF+}
  9718 | D:7      | Bought a scroll of blinking for 112 gold pieces
  9726 | D:8      | Noticed Erica
  9737 | D:8      | Killed Erica
  9767 | D:8      | Noticed Grum
  9780 | D:8      | Killed Grum
  9781 | D:8      | Reached XP level 10. HP: 50/50 MP: 1/26
  9923 | D:8      | Noticed Psyche
  9937 | D:8      | Killed Psyche
  9938 | D:8      | Reached skill level 5 in Invocations
  9943 | D:8      | Reached skill level 5 in Stealth
 10057 | D:8      | Reached skill level 10 in Hexes
 10058 | D:8      | Reached * piety under Sif Muna
 10059 | D:8      | Reached skill level 5 in Dodging
 10168 | D:8      | Found a sand-covered staircase.
 10277 | Ossuary  | Entered an ossuary
 10625 | Ossuary  | Reached skill level 5 in Evocations
 11143 | Ossuary  | Reached ** piety under Sif Muna
 12164 | D:8      | Noticed a two-headed ogre
 12173 | D:8      | Killed a two-headed ogre
 12174 | D:8      | Reached skill level 5 in Fire Magic
 12174 | D:8      | Reached XP level 11. HP: 54/54 MP: 19/27
 12185 | D:8      | Found a radiant altar of Vehumet.
 12621 | D:8      | Identified the +7 whip "Enemual" {speed, rF+ Dex+2}
 14231 | D:2      | Killed Crazy Yiuf
 14469 | D:6      | Killed Eirik's ghost
 14733 | D:10     | Entered Level 10 of the Dungeon
 14824 | D:10     | Noticed a death yak
 14841 | D:10     | Reached *** piety under Sif Muna
 14965 | D:10     | Noticed Sonja
 14974 | D:10     | Killed Sonja
 14999 | D:10     | Noticed a death yak
 15000 | D:10     | Noticed a death yak
 15124 | D:10     | Killed a death yak
 15154 | D:10     | Killed a death yak
 15370 | D:10     | Found a staircase to the Lair.
 15451 | D:10     | Killed a death yak
 15827 | D:10     | Noticed a two-headed ogre
 16055 | D:10     | Killed a two-headed ogre
 16286 | D:10     | Reached skill level 10 in Conjurations
 16286 | D:10     | Noticed a deep elf pyromancer
 16293 | D:10     | Killed a deep elf pyromancer
 16574 | D:10     | Reached XP level 12. HP: 59/59 MP: 20/30
 16729 | D:10     | Found a staircase to the Orcish Mines.
 17212 | Lair:1   | Entered Level 1 of the Lair of Beasts
 17309 | Lair:1   | Reached **** piety under Sif Muna
 17641 | Lair:1   | Reached skill level 1 in Shields
 17826 | Lair:1   | You fall into a shaft and drop 1 floor!
 18139 | Lair:1   | Noticed Joseph
 18142 | Lair:1   | Paralysed by Joseph for 5 turns
 18399 | Lair:1   | Paralysed by Joseph for 3 turns
 18418 | Lair:1   | Killed Joseph
 19219 | Lair:2   | Reached skill level 10 in Invocations
 19956 | Lair:2   | Found a staircase to the Shoals.
 20256 | Lair:3   | Identified a scroll of acquirement
 20716 | Lair:3   | Identified the +1 robe "Ninon" {rN+ Int+7}
 20963 | Lair:3   | Noticed Rupert
 20963 | Lair:3   | Paralysed by Rupert for 7 turns
 21172 | Lair:3   | Killed Rupert
 21766 | Lair:4   | Reached XP level 13. HP: 53/63 MP: 19/33
 21775 | Lair:4   | Reached ***** piety under Sif Muna
 21811 | Lair:4   | Found a staircase to the Snake Pit.
 21862 | Lair:4   | Received a gift from Sif Muna
 21870 | Lair:4   | Learned a level 3 spell: Mephitic Cloud
 21876 | Lair:4   | Learned a level 5 spell: Freezing Cloud
 21878 | Lair:4   | Found a dark tunnel.
 21887 | Volcano  | Entered a volcano
 22025 | Volcano  | Reached skill level 1 in Ice Magic
 22025 | Volcano  | Reached skill level 1 in Poison Magic
 22077 | Volcano  | Reached skill level 1 in Air Magic
 22083 | Volcano  | Learned a level 5 spell: Lee's Rapid Deconstruction
 22260 | Volcano  | Noticed a fire dragon
 22271 | Volcano  | Killed a fire dragon
 22272 | Volcano  | Reached skill level 1 in Earth Magic
 23644 | Snake:1  | Entered Level 1 of the Snake Pit
 24924 | Lair:5   | Found a staircase to the Slime Pits.
 25158 | Lair:6   | Entered Level 6 of the Lair of Beasts
 25215 | Lair:6   | HP: 2/63 [six-headed hydra (7)]
 25218 | Lair:6   | Slain by a four-headed hydra

Illustrated notes

Levels and vault maps discovered:
D:1:      ncdulo_wetmaze, layout_basic, serial_rivers,
          chequers_serial_rivers_large_a, chequers_serial_rivers_micro_d,
          chequers_serial_rivers_room_a, chequers_serial_rivers_micro_d,
          minmay_pentomino_x4
D:2:      layout_basic, ebering_ecumenical_altar_mist, uniq_crazy_yiuf_cottage,
          uniq_terence
D:3:      layout_loops_corners
D:4:      layout_gridville, wad_floor_pattern_1, minmay_manual_moon
D:5:      layout_loops_ring, uniq_grinder, uniq_pikel, uniq_blork_the_orc
D:6:      layout_basic, gammafunk_ghost_split
D:7:      layout_cave_pods, temple_pool_b, serial_shops, nicolae_stop_n_shop_2
D:8:      layout_basic, vehumet_statue, nicolae_ossuary_entry_catacombs,
          uniq_grum, uniq_psyche, uniq_erica
D:9:      layout_stronghold
D:10:     layout_basic, dpeg_lair_monsters, david_orc_5, uniq_sonja
Temple:   mainiacjoe_temple_hex_bubbles
Lair:1:   layout_regular_city, serial_bayou_shore_a, uniq_joseph
Lair:2:   layout_chaotic_city, minmay_shoals_entry_centaurs, grunt_megastairs_2
Lair:3:   layout_misc_corridors, grunt_megastairs_5, uniq_rupert
Lair:4:   layout_regular_city, minmay_snake_entry_spellcaster,
          nicolae_volcano_entry_batcave
Lair:5:   layout_cellular_growth, nicolae_slime_entry_slimehenge,
          infiniplex_staircase_pool_2
Lair:6:   gammafunk_lair_ancient_temple, layout_cave_pods, nicolae_lair_lil_pond
Snake:1:  layout_layer_cave, serial_bayou_shore_b, uniq_agnes, uniq_asterion

Skill      XL: |  1  2  3  4  5  6  7  8  9 10 11 12 13 |
---------------+----------------------------------------+-----
Conjurations   | 5 6 7 8 10 | 10.0
Spellcasting   | 4 5 6 9 10 12 14 | 14.0
Translocations | 3 4 5 |  5.0
Hexes          | 2 4 6 8 9 10 12 13 14 | 14.0
Fire Magic     | 1 5 |  5.0
Dodging        | 3 4 6 7 |  7.0
Stealth        | 3 4 6 |  6.0
Evocations     | 4 6 7 |  7.0
Armour         | 2 3 |  3.0
Invocations    | 4 6 10 | 10.0
Shields        | 3 4 |  4.0
Ice Magic      | 2 |  2.0
Poison Magic   | 2 |  2.0
Air Magic      | 2 |  2.0
Earth Magic    | 4 |  4.0
Fighting       | |  0.2

Action                   |  1- 3 |  4- 6 |  7- 9 | 10-12 | 13-15 || total
-------------------------+-------+-------+-------+-------+-------++-------
Melee: Scimitar          |       |       |       |     4 |       ||     4
       Whip              |       |       |       |     7 |     7 ||    14
 Cast: Magic Dart        |    47 |    55 |    40 |    42 |    25 ||   209
       Searing Ray       |    10 |    31 |    14 |    46 |     7 ||   108
       Fulminant Prism   |       |     4 |    42 |   183 |    62 ||   291
       Iskenderun's Myst |       |     7 |    11 |    69 |    20 ||   107
       Blink             |       |       |       |     2 |     1 ||     3
       Freezing Cloud    |       |       |       |       |     1 ||     1
Invok: Channel Magic     |       |       |       |     1 |     1 ||     2
Evoke: Wand              |       |       |     2 |    31 |     2 ||    35
  Use: Scroll            |       |     9 |    11 |    19 |     2 ||    41
       Potion            |       |       |       |     5 |     4 ||     9
Armor: Leather armour    |       |     1 |       |     9 |       ||    10
       Robe              |       |     1 |       |       |    13 ||    14
       Skin              |       |       |       |    11 |       ||    11
       Troll leather arm |       |       |       |    10 |       ||    10
Dodge: Dodged            |     4 |     6 |     2 |    64 |    28 ||   104
Block: Buckler           |       |       |       |     6 |     8 ||    14
